Map: Disco Bloodbath LE

Players

Mez

  • Race: Terran Terran
  • League: Master
  • Spawn Location: 3:00

A.I. 1 (Very Easy) - Winner!

  • Race: Terran Terran
  • Spawn Location: 9:00

VOD

Have the link to the VOD?

Description

Time

  • Played on: Aug. 26, 2019, 9:02 p.m.
  • Length: 17:28
Show
View Real Time Build Order
Export as new Build Order

Mez Terran 

Build Orders:  

Get SALT Encoding   

  12  0:01  SCV  
  13  0:13  SCV  
  14  0:17  Supply Depot  
  14  0:25  SCV  
  15  0:30  Refinery  
  15  0:38  SCV  
  16  0:45  Barracks  
  16  0:50  SCV  
  17  1:03  SCV  
  18  1:15  SCV  
  19  1:32  Orbital Command, Reaper  
  20  1:50  Supply Depot  
  20  1:59  SCV  
  21  2:04  Reaper  
  22  2:13  Supply Depot  
  22  2:22  Supply Depot  
  22  2:29  Supply Depot  
  22  2:32  Supply Depot  
  22  2:40  Supply Depot  
  22  2:43  Supply Depot  
  22  6:00  Reaper  
  22  6:02  SCV  
  24  6:07  Barracks x2  
  24  6:09  Barracks x2  
  24  6:20  SCV  
  25  6:28  Refinery  
  25  6:35  Supply Depot  
  25  6:37  Supply Depot  
  25  6:45  Supply Depot  
  25  6:48  Supply Depot  
  25  6:58  Supply Depot  
  25  7:06  Supply Depot  
  25  7:08  Barracks  
  25  7:19  Barracks  
  24  7:23  Barracks  
  24  7:28  Supply Depot  
  24  8:04  Reaper  
  23  9:40  Supply Depot x2  
  23  9:53  Bunker  
  23  9:55  Supply Depot  
  23  10:01  Reaper x5  
  28  10:33  Reaper x5  
  33  10:49  Supply Depot  
  33  11:05  Reaper  
  33  13:39  Supply Depot  
  33  13:50  Orbital Command  
Show
View Real Time Build Order
Export as new Build Order

A.I. 1 (Very Easy) Terran - Winner!

Build Orders:  

Get SALT Encoding   

  12  0:00  SCV  
  13  0:13  SCV  
  14  0:19  Supply Depot  
  14  0:37  Refinery  
  14  0:42  Barracks  
  14  1:02  Supply Depot  
  14  1:12  Refinery  
  14  1:29  Marine  
  14  1:30  Orbital Command  
  15  1:49  Barracks Tech Lab  
  15  1:56  SCV  
  16  2:08  SCV  
  17  2:12  Marine  
  18  2:20  SCV  
  19  2:32  SCV  
  20  2:44  SCV  
  21  2:56  SCV, Marauder  
  24  6:29  Marine, SCV  
  24  6:31  Supply Depot  
  26  6:34  Factory  
  26  6:36  Command Center  
  26  6:41  SCV  
  27  6:53  SCV  
  27  6:54  Supply Depot  
  28  7:03  Marine  
  28  7:05  SCV  
  30  7:17  SCV  
  30  7:22  Starport  
  31  7:36  Marine  
  32  7:50  SCV  
  33  7:57  SCV  
  33  7:59  Refinery, Starport Tech Lab  
  33  8:03  Refinery  
  33  8:04  SCV  
  33  8:10  Marine  
  33  8:11  SCV  
  35  8:18  Raven  
  35  8:19  SCV  
  36  8:26  SCV  
  37  8:33  SCV  
  38  8:40  SCV  
  39  8:44  Marine  
  39  8:47  SCV  
  41  8:54  SCV  
  42  9:01  Raven  
  42  9:02  SCV  
  45  9:09  SCV  
  46  9:16  SCV  
  47  9:18  Marauder  
  47  9:24  SCV  
  50  9:31  SCV  
  51  9:38  SCV  
  51  11:50  SCV  
  51  12:14  Factory Tech Lab, Medivac  
  53  12:17  Supply Depot  
  53  12:36  Siege Tank  
  56  12:42  Supply Depot  
  56  12:44  Medivac  
  51  13:14  Raven  
  53  13:25  Command Center  
  53  13:34  Armory  
  53  14:22  Thor  
  59  14:45  Refinery  
  59  14:52  Refinery  
  59  16:55  Marine  
Tags
 
League
Master
Matchup
TvT
Race
Terran
Replay Pack
Spawningtool_Mez
Spawn Locations
Cross Positions
Add a new tag
Caveats
  • Supply blocks, unpowered buildings, or Contaminate may cause inaccurate times.
  • Supply counts are checked every 10 seconds.